 Dungeon Crawl Stone Soup version 0.28-a0-1493-g08698888e4 (webtiles) character file.

Game seed: 621141948153941063

296 cheechan the Digger (level 6, -8/37 HPs)
             Began as an Octopode Earth Elementalist on Jan 12, 2022.
             Killed by divine providence
             ... invoked by an orc priest
              (12 damage)
             ... on level 4 of the Dungeon.
             The game lasted 00:12:19 (2676 turns).

cheechan the Digger (Octopode Earth Elementalist)   Turns: 2676, Time: 00:12:19

Health: -8/37      AC:  1    Str:  7    XL:     6   Next: 35%
Magic:  5/11       EV: 13    Int: 19    God:
Gold:   120        SH:  0    Dex: 13    Spells: 6/12 levels left

rFire   . . .      SeeInvis .   o - +0 flail
rCold   . . .      Faith    .   (no shield)
rNeg    . . .      Spirit   .   (helmet restricted)
rPois   .          Reflect  .   (no amulet)
rElec   .          Harm     .   (no ring)
rCorr   .          Rampage  .   (no ring)
Will    .....                   (no ring)
Stlth   +++.......              (no ring)
HPRegen 0.12/turn               (no ring)
MPRegen 0.12/turn               (no ring)
                                (no ring)
                                (no ring)

@: no status effects
A: almost no armour, amphibious, 8 rings, camouflage 1, gelatinous body 1,
(nimble swimmer 1), tentacles
a: no special abilities


You were on level 4 of the Dungeon.
You visited 1 branch of the dungeon, and saw 4 of its levels.

You collected 120 gold pieces.

Inventory:

Hand Weapons
 o - a +0 flail (weapon)
Missiles
 a - 21 bolts
 h - 46 arrows
 i - 6 javelins
 l - 5 poisoned darts
 m - 9 boomerangs
Wands
 j - a wand of polymorph (3)
Potions
 c - a potion of flight {unknown}
 d - a potion of attraction {unknown}
 e - 4 potions of heal wounds {unknown}
 f - a potion of degeneration {unknown}
 g - a potion of resistance {unknown}
 k - a potion of curing {unknown}
 n - a potion of might {unknown}


   Skills:
 + Level 0.4 Fighting
 + Level 0.5 Maces & Flails
 + Level 2.2 Dodging
 + Level 4.0 Stealth
 + Level 3.9 Spellcasting
 + Level 0.1 Conjurations
 + Level 1.6 Transmutations
 + Level 4.8 Earth Magic


You had 6 spell levels left.
You knew the following spells:

 Your Spells              Type           Power      Damage    Failure   Level
a - Sandblast             Erth           44%        2d11      1%          1
b - Passwall              Tmut/Erth      13%        N/A       5%          2
c - Stone Arrow           Conj/Erth      26%        3d8       16%         3

Your spell library contained the following spells:

 Spells                   Type           Power      Damage    Failure   Level
 Static Discharge         Conj/Air       3%         N/A       21%         2
 Corpse Rot               Necr/Air       6%         N/A       22%         2
 Poisonous Vapours        Pois/Air       6%         N/A       22%         2
 Petrify                  Tmut/Erth      16%        N/A       36%         4
 Iskenderun's Mystic Bla  Conj/Tloc      3%         2d3       80%         4
 Fireball                 Conj/Fire      1%         3d3       98%         5
 Chain Lightning          Conj/Air       1%         3d2       100%        9
 Fire Storm               Conj/Fire      1%         8d1       100%        9
 Shatter                  Erth           11%        3d12*     100%        9


Dungeon Overview and Level Annotations

Branches:
Dungeon (4/15)
 Temple: D:4-7

Altars:
Trog


Innate Abilities, Weirdness & Mutations

You cannot wear most types of armour.
You are amphibious.
You can wear up to eight rings at the same time.
Your skin changes colour to match your surroundings (Stealth+).
Your rubbery body absorbs attacks. (AC +1, EV +1)
((You are camouflaged when in or above water. (Stealth+)))
You have tentacles for arms and can constrict up to eight enemies at once.


Message History

Confirm with . or Enter, or press ? or * to list all spells.
You don't have any stones to cast with.
Unknown command.
Unknown command.
Casting: Sandblast (safe; 1% risk of failure)
Confirm with . or Enter, or press ? or * to list all spells.
You don't have any stones to cast with.
Casting: Sandblast (safe; 1% risk of failure)
Confirm with . or Enter, or press ? or * to list all spells.
The spell is quite dangerous to miscast (16% risk of failure)!
Continue anyway?
Aiming: Stone Arrow (quite dangerous; 16% risk of failure)
Press: ? - help, Shift-Dir - straight line, f - orc priest
Aim: an orc priest, wielding a +0 hand axe and wearing a +0 chain mail (moderately wounded, 77% to hit)
The stone arrow misses the orc priest.
The orc priest barely misses you.
Unknown command.
Casting: Stone Arrow (quite dangerous; 16% risk of failure)
Confirm with . or Enter, or press ? or * to list all spells.
The spell is quite dangerous to miscast (16% risk of failure)!
Continue anyway?
Aiming: Stone Arrow (quite dangerous; 16% risk of failure)
Press: ? - help, Shift-Dir - straight line, f/p - orc priest
Aim: an orc priest, wielding a +0 hand axe and wearing a +0 chain mail (moderately wounded, 77% to hit)
The stone arrow hits the orc priest!
The orc priest is almost dead.
You hear some strange, mumbled words.
A magic dart appears from out of thin air!
The magic dart hits you! The orc priest closely misses you. The orc misses you.
You hit the orc priest but do no damage.
Your grab misses the orc priest.
The orc priest is almost dead.
Something hits you.
The orc priest hits you with a +0 hand axe!
* * * LOW HITPOINT WARNING * * *
The orc hits you from afar with a +0 trident.
* * * LOW HITPOINT WARNING * * *
The orc priest looks encouraged for a moment.
Something hits you.
* * * LOW HITPOINT WARNING * * *
The orc priest invokes the aid of Beogh against you.
Beogh smites you!
You die...

#.# #.# .# #.# .#
#.# .# #.# .# #.# .#
#.# .######
#)###########.......
#<†.....@..o..######
#####.######o.......
#.# #.####### #.#
#.# #.# #.#
#.######.#
#).......#
##########


You could see an orc priest and an orc.

Vanquished Creatures
  A phantom (D:3)
  A kobold brigand (D:4)
  An orc priest (D:3)
  An iguana (D:2)
  2 adders
  A worm (D:3)
  2 dart slugs (D:1)
  5 orcs (D:3)
  A ball python (D:1)
  4 bats
  7 endoplasms
  9 giant cockroaches
  7 hobgoblins
  6 jackals (D:3)
  6 kobolds
  2 quokkas
  3 frilled lizards
  4 goblins
  7 rats
70 creatures vanquished.

Notes
Turn   | Place    | Note
-------+----------+-------------------------------------------
     0 | D:1      | cheechan the Octopode Earth Elementalist began the quest
                  | for the Orb.
     0 | D:1      | Reached XP level 1. HP: 11/11 MP: 3/3
   103 | D:1      | Reached XP level 2. HP: 12/17 MP: 1/5
   189 | D:1      | Learned a level 2 spell: Passwall
   304 | D:1      | Found a faded altar of an unknown god.
   337 | D:1      | Reached XP level 3. HP: 4/21 MP: 0/6
  1017 | D:2      | Reached XP level 4. HP: 21/27 MP: 5/7
  1028 | D:2      | Learned a level 3 spell: Stone Arrow
  1472 | D:3      | Reached XP level 5. HP: 7/31 MP: 0/9
  1716 | D:3      | Got the Volume of Flamy Attacks
  2070 | D:3      | Noticed a phantom
  2094 | D:3      | Killed a phantom
  2095 | D:3      | Reached XP level 6. HP: 37/37 MP: 2/11
  2224 | D:3      | Noticed a moth of wrath
  2227 | D:3      | Found a bloodstained altar of Trog.
  2676 | D:4      | Killed from afar by an orc priest

Illustrated notes

Levels and vault maps discovered:
D:1:      amcnicky_arrival_gap_in_the_tavern_cellar, layout_basic,
          shapermc_ecumenical_altar_acropolis, minmay_circled_x
D:2:      layout_basic
D:3:      layout_basic, tgw_trog, amcnicky_mini_pool_small,
          kennysheep_generic_room_7
D:4:      layout_loops_ring, kennysheep_ying_yang, uniq_duvessa, uniq_sigmund

Skill      XL: |  1  2  3  4  5  6 |
---------------+-------------------+-----
Stealth        | 3 4 |  4.0
Earth Magic    | 4 |  4.8
Spellcasting   | 3 |  3.9
Fighting       | |  0.4
Maces & Flails | |  0.5
Dodging        | |  2.2
Conjurations   | |  0.1
Transmutations | |  1.6

Action                   |  1- 3 |  4- 6 || total
-------------------------+-------+-------++-------
Melee: Club              |    23 |       ||    23
       Constrict         |     6 |     5 ||    11
       Tentacles         |     5 |     3 ||     8
       Mace              |       |    14 ||    14
       Flail             |       |     4 ||     4
 Cast: Sandblast         |    42 |    52 ||    94
       Passwall          |     1 |     4 ||     5
       Stone Arrow       |       |     6 ||     6
  Use: Scroll            |     2 |     2 ||     4
 Stab: Sleeping          |       |     1 ||     1
Armor: Skin              |     1 |     3 ||     4
Dodge: Dodged            |    25 |    28 ||    53

Table legend: (Time is in decaauts)
 A = Elapsed time spent in this place.
 B = Non-inter-level travel time spent in this place.
 C = Inter-level travel time spent in this place.
 D = Time resting spent in this place.
 E = Time spent auto-exploring this place.
 F = Levels seen in this place.
 G = Mean time per level.
                   A        B        C        D        E       F      G
               +--------+--------+--------+--------+--------+-----+--------+
         Total |   2687 |   2687 |      0 |    144 |      0 |   4 |  671.8 |
       Dungeon |   2687 |   2687 |      0 |    144 |      0 |   4 |  671.8 |
               +--------+--------+--------+--------+--------+-----+--------+

Top non-repeatable levels by time:
     D:3: 1052 daAuts
     D:1: 794 daAuts
     D:2: 652 daAuts
     D:4: 188 daAuts
